EL
ERIE SEAWOLVES @ HARRISBURG SENATORS
06/18/2099
 
TOP OF THE 1ST
Erie SeaWolves batting - Pitching for Harrisburg Senators : LHP Dustin Imel
Pitching: LHP Dustin Imel
Batting: LHB Matt Henley 0-0: Called Strike
0-1: Swinging Strike
0-2: Ball
1-2: Foul Ball, location: 7LSF
1-2: Strikes out swinging
Batting: RHB Jack Childs 0-0: Ball
1-0: Foul Ball, location: 2F
1-1: Ball
2-1: Ball
3-1: Fly out, F3 (Popup, 3F, EV 63.8 MPH)
Batting: LHB Jahiem Parker 0-0: Ball
1-0: Called Strike
1-1: Called Strike
1-2: Ball
2-2: Ball
3-2: Fly out, F8 (Flyball, 8RD, EV 96.3 MPH)
Top of the 1st over - 0 runs, 0 hits, 0 errors, 0 left on base; Erie 0 - Harrisburg 0
BOTTOM OF THE 1ST
Harrisburg Senators batting - Pitching for Erie SeaWolves : RHP Mike Reeves
Pitching: RHP Mike Reeves
Batting: RHB Joe Fishler 0-0: Called Strike
0-1: Foul Ball, location: 5F
0-2: Ground out 1-3 (Groundball, 13S, EV 70.6 MPH)
Batting: LHB David Marquer 0-0: Called Strike
0-1: Ball
1-1: Called Strike
1-2: Fly out, F8 (Flyball, 8RM, EV 80.6 MPH)
Batting: LHB Frank Creamer 0-0: Fly out, F4 (Line Drive, 4, EV 70.0 MPH)
Bottom of the 1st over - 0 runs, 0 hits, 0 errors, 0 left on base; Erie 0 - Harrisburg 0
TOP OF THE 2ND
Erie SeaWolves batting - Pitching for Harrisburg Senators : LHP Dustin Imel
Batting: RHB Ruben Garcia 0-0: Foul Ball, location: 2LF
0-1: Ball
1-1: Ball
2-1: Ball
3-1: Foul Ball, location: 7LDF
3-2: Foul Ball, location: 9LSF
3-2: Foul Ball, location: 7LMFF
3-2: Base on Balls
Batting: SHB Jim Hall 0-0: Ball
1-0: Foul Ball, location: 5F
1-1: 2-RUN HOME RUN (Flyball, 7LD, EV 91.3 MPH), Distance : 344 ft
Batting: RHB Jason Ley 0-0: Swinging Strike
0-1: Called Strike
0-2: Ball
1-2: Ball
2-2: Ball
3-2: Strikes out swinging, 2-3 out at first.
Batting: RHB Mark Burkett 0-0: Called Strike
0-1: Ball
1-1: SOLO HOME RUN (Flyball, 7LD, EV 92.5 MPH), Distance : 346 ft
Batting: RHB David Titsworth 0-0: Swinging Strike
0-1: Ground out 6-3 (Groundball, 6, EV 83.8 MPH)
Batting: RHB Mike Nesseth 0-0: Ball
1-0: Foul Ball, location: 2RF
1-1: Swinging Strike
1-2: SINGLE (Groundball, 56D, EV 106.3 MPH)
Batting: LHB Matt Henley 0-0: Called Strike
0-1: Called Strike
0-2: Ball
1-2: Strikes out swinging
Top of the 2nd over - 3 runs, 3 hits, 0 errors, 1 left on base; Erie 3 - Harrisburg 0
BOTTOM OF THE 2ND
Harrisburg Senators batting - Pitching for Erie SeaWolves : RHP Mike Reeves
Batting: SHB Zion Hamilton 0-0: Ball
1-0: Called Strike
1-1: Swinging Strike
1-2: Ball
2-2: Ground out 4-3 (Groundball, 4, EV 105.0 MPH)
Batting: RHB Ryan Wagner 0-0: Foul Ball, location: 7LMF
0-1: Ball
1-1: Ball
2-1: Ball
3-1: SOLO HOME RUN (Flyball, 89XD, EV 101.3 MPH), Distance : 388 ft
Batting: RHB Adam Johnson 0-0: Foul Ball, location: 3FF
0-1: Ball
1-1: Ball
2-1: Ground out 4-3 (Groundball, 4M, EV 76.3 MPH)
Batting: RHB Paul Bailey 0-0: Ball
1-0: Ball
2-0: Called Strike
2-1: Swinging Strike
2-2: Ball
3-2: Base on Balls
Batting: RHB Bill Roth 0-0: SINGLE (Line Drive, 9S, EV 101.3 MPH)
Paul Bailey to second
Batting: RHB Montes Calosso 0-0: Fielders Choice at 2nd, 6-4 (Groundball, 6, EV 92.5 MPH)
Bottom of the 2nd over - 1 run, 2 hits, 0 errors, 2 left on base; Erie 3 - Harrisburg 1
TOP OF THE 3RD
Erie SeaWolves batting - Pitching for Harrisburg Senators : LHP Dustin Imel
Batting: RHB Jack Childs 0-0: Foul Ball, location: 3F
0-1: Called Strike
0-2: Strikes out looking
Batting: LHB Jahiem Parker 0-0: Called Strike
0-1: Ball
1-1: Foul Ball, location: 9LSF
1-2: Foul Ball, location: 7LDF
1-2: Strikes out swinging
Batting: RHB Ruben Garcia 0-0: Ball
1-0: Ball
2-0: Called Strike
2-1: Swinging Strike
2-2: Ball
3-2: Strikes out swinging
Top of the 3rd over - 0 runs, 0 hits, 0 errors, 0 left on base; Erie 3 - Harrisburg 1
BOTTOM OF THE 3RD
Harrisburg Senators batting - Pitching for Erie SeaWolves : RHP Mike Reeves
Batting: RHB Joe Fishler 0-0: Ground out 4-3 (Groundball, 34D, EV 97.5 MPH)
Batting: LHB David Marquer 0-0: Ball
1-0: Foul Ball, location: 7LMFF
1-1: Foul Ball, location: 2F
1-2: Ball
2-2: Ball
3-2: Foul Ball, location: 5FF
3-2: Fly out, F9 (Flyball, 89S, EV 86.3 MPH)
Batting: LHB Frank Creamer 0-0: Fly out, F9 (Flyball, 89M, EV 89.4 MPH)
Bottom of the 3rd over - 0 runs, 0 hits, 0 errors, 0 left on base; Erie 3 - Harrisburg 1
TOP OF THE 4TH
Erie SeaWolves batting - Pitching for Harrisburg Senators : LHP Dustin Imel
Batting: SHB Jim Hall 0-0: Foul Ball, location: 2F
0-1: Ball
1-1: Swinging Strike
1-2: Ball
2-2: Ground out 3-1 (Groundball, 34S, EV 83.8 MPH)
Batting: RHB Jason Ley 0-0: Ball
1-0: Ground out 1-3 (Groundball, 13S, EV 69.4 MPH)
Batting: RHB Mark Burkett 0-0: Called Strike
0-1: Foul Ball, location: 2F
0-2: Ball
1-2: Ball
2-2: Strikes out swinging
Top of the 4th over - 0 runs, 0 hits, 0 errors, 0 left on base; Erie 3 - Harrisburg 1
BOTTOM OF THE 4TH
Harrisburg Senators batting - Pitching for Erie SeaWolves : RHP Mike Reeves
Batting: SHB Zion Hamilton 0-0: Ball
1-0: Ball
2-0: Called Strike
2-1: Foul Ball, location: 2F
2-2: Foul Ball, location: 2F
2-2: Ball
3-2: Base on Balls
Batting: RHB Ryan Wagner 0-0: Ball
1-0: Called Strike
1-1: Foul Ball, location: 3FF
1-2: Ball
2-2: Grounds into double play, 4-6-3 (Groundball, 34, EV 84.4 MPH)
Batting: RHB Adam Johnson 0-0: Foul Ball, location: 9LMF
0-1: Called Strike
0-2: Strikes out looking
Bottom of the 4th over - 0 runs, 0 hits, 0 errors, 0 left on base; Erie 3 - Harrisburg 1
TOP OF THE 5TH
Erie SeaWolves batting - Pitching for Harrisburg Senators : LHP Dustin Imel
Batting: RHB David Titsworth 0-0: Ball
1-0: Ball
2-0: Ball
3-0: Base on Balls
Batting: RHB Mike Nesseth 0-0: Foul Ball, location: 9LDF
0-1: Foul Ball, location: 9LMF
0-2: Strikes out swinging
Batting: LHB Matt Henley 0-0: Ball
1-0: Foul Ball, location: 2F
1-1: Foul Ball, location: 3DF
1-2: Ball
2-2: Ball
3-2: Foul Ball, location: 2F
3-2: SINGLE (Line Drive, 9S, EV 88.8 MPH)
David Titsworth to second
Batting: RHB Jack Childs 0-0: Called Strike
0-1: Called Strike
0-2: Strikes out swinging
Batting: LHB Jahiem Parker 0-0: Called Strike
0-1: Foul Ball, location: 7LSF
0-2: Strikes out swinging
Top of the 5th over - 0 runs, 1 hit, 0 errors, 2 left on base; Erie 3 - Harrisburg 1
BOTTOM OF THE 5TH
Harrisburg Senators batting - Pitching for Erie SeaWolves : RHP Mike Reeves
Batting: RHB Paul Bailey 0-0: Ball
1-0: Ball
2-0: Ball
3-0: Called Strike
3-1: Swinging Strike
3-2: Ground out 4-3 (Groundball, 4, EV 93.8 MPH)
Batting: RHB Bill Roth 0-0: Ball
1-0: Called Strike
1-1: Reached on error, E3 (Groundball, 34, EV 87.5 MPH)
Batting: RHB Montes Calosso 0-0: DOUBLE (Flyball, 8LD, EV 98.1 MPH)
Bill Roth to third
Batting: RHB Joe Fishler 0-0: Called Strike
0-1: DOUBLE (Line Drive, 89D, EV 103.8 MPH)
Bill Roth scores
Montes Calosso scores
Batting: LHB David Marquer 0-0: Ball
1-0: Ball
2-0: Called Strike
2-1: Foul Ball, location: 2F
2-2: SINGLE (Groundball, 6MD, EV 105.0 MPH)
Joe Fishler to third
Runner from 3rd tries for Home, SAFE, throw by CF to home
David Marquer to second
Batting: LHB Frank Creamer 0-0: Called Strike
0-1: Foul Ball, location: 2F
0-2: Ball
1-2: Ball
2-2: Ball
3-2: Base on Balls
Batting: SHB Zion Hamilton 0-0: Ball
1-0: TRIPLE (Flyball, 8RXD, EV 106.9 MPH)
David Marquer scores
Frank Creamer scores
Pitching: LHP Danny Singleton
Batting: RHB Ryan Wagner 0-0: Called Strike
0-1: SINGLE (Groundball, 6MD, EV 97.5 MPH)
Zion Hamilton scores
Batting: RHB Adam Johnson 0-0: Called Strike
0-1: Ball
1-1: Hit by Pitch
Ryan Wagner to second
Batting: RHB Paul Bailey 0-0: Ball
1-0: Fly out, F3 (Popup, 23F, EV 73.8 MPH)
Batting: RHB Bill Roth 0-0: Ball
1-0: Ball
2-0: Ball
3-0: Base on Balls
Ryan Wagner to third
Adam Johnson to second
Batting: RHB Montes Calosso 0-0: Ball
1-0: Called Strike
1-1: Ball
2-1: Foul Ball, location: 2F
2-2: Ball
3-2: Strikes out looking
Bottom of the 5th over - 6 runs, 5 hits, 1 error, 3 left on base; Erie 3 - Harrisburg 7
TOP OF THE 6TH
Erie SeaWolves batting - Pitching for Harrisburg Senators : LHP Dustin Imel
Batting: RHB Ruben Garcia 0-0: SINGLE (Line Drive, 7S, EV 90.0 MPH)
Batting: SHB Jim Hall 0-0: Ball
1-0: Called Strike
1-1: Called Strike
1-2: Foul Ball, location: 5FF
1-2: Foul Ball, location: 2F
1-2: Ball
2-2: Ball
3-2: Base on Balls
Ruben Garcia to second
Pitching: RHP Jacob DeLorme
Batting: RHB Jason Ley 0-0: Fly out, F9 (Line Drive, 89M, EV 106.3 MPH)
Batting: RHB Mark Burkett 0-0: Ball
1-0: Ball
2-0: Grounds into double play, 6-4-3 (Groundball, 6, EV 109.4 MPH)
Top of the 6th over - 0 runs, 1 hit, 0 errors, 1 left on base; Erie 3 - Harrisburg 7
BOTTOM OF THE 6TH
Harrisburg Senators batting - Pitching for Erie SeaWolves : LHP Danny Singleton
Batting: RHB Joe Fishler 0-0: Foul Ball, location: 2F
0-1: Ball
1-1: Ball
2-1: Ground out U3 (Groundball, 3, EV 83.1 MPH)
Batting: LHB David Marquer 0-0: Ball
1-0: Swinging Strike
1-1: Ball
2-1: Foul Ball, location: 3FF
2-2: Strikes out swinging
Batting: LHB Frank Creamer 0-0: Swinging Strike
0-1: Ground out U3 (Groundball, 3S, EV 79.4 MPH)
Bottom of the 6th over - 0 runs, 0 hits, 0 errors, 0 left on base; Erie 3 - Harrisburg 7
TOP OF THE 7TH
Erie SeaWolves batting - Pitching for Harrisburg Senators : RHP Jacob DeLorme
Batting: RHB David Titsworth 0-0: SINGLE (Line Drive, 89S, EV 96.9 MPH)
Batting: RHB Mike Nesseth 0-0: Ball
1-0: Ball
2-0: Ball
3-0: Base on Balls
David Titsworth to second
Batting: LHB Matt Henley 0-0: Ball
1-0: Fielders Choice at 2nd, 2-6 (Groundball, 13S, EV 76.9 MPH)
David Titsworth to third
Batting: RHB Jack Childs 0-0: Called Strike
0-1: Fielders Choice at 2nd, 4-6 (Groundball, 34S, EV 83.1 MPH)
David Titsworth scores
Pitching: LHP Kaoussen Kayode
Batting: LHB Jahiem Parker 0-0: Ball
Jack Childs is caught stealing 2nd base 2-6
Top of the 7th over - 1 run, 1 hit, 0 errors, 0 left on base; Erie 4 - Harrisburg 7
BOTTOM OF THE 7TH
Harrisburg Senators batting - Pitching for Erie SeaWolves : LHP Danny Singleton
Batting: SHB Zion Hamilton 0-0: Foul Ball, location: 25F
0-1: SINGLE (Groundball, 5D, EV 98.1 MPH)
Batting: RHB Ryan Wagner 0-0: Ball
1-0: Fly out, F4 (Line Drive, 4MD, EV 70.0 MPH)
Batting: RHB Adam Johnson 0-0: Ball
1-0: Grounds into double play, 5-4-3 (Groundball, 56S, EV 88.8 MPH)
Bottom of the 7th over - 0 runs, 1 hit, 0 errors, 0 left on base; Erie 4 - Harrisburg 7
TOP OF THE 8TH
Erie SeaWolves batting - Pitching for Harrisburg Senators : LHP Kaoussen Kayode
Batting: LHB Jahiem Parker 0-0: Foul Ball, location: 23F
0-1: Ball
1-1: Foul Ball, location: 2F
1-2: Strikes out swinging
Pitching: LHP Jesus Chavez
Batting: RHB Ruben Garcia 0-0: Ball
1-0: Fly out, F8 (Flyball, 8LD, EV 110.0 MPH)
Batting: SHB Jim Hall 0-0: Ball
1-0: Ball
2-0: Called Strike
2-1: Ball
3-1: Base on Balls
Batting: RHB Jason Ley 0-0: Hit by Pitch
Jim Hall to second
Batting: RHB Mark Burkett 0-0: Ground out U3 (Groundball, 3, EV 81.9 MPH)
Top of the 8th over - 0 runs, 0 hits, 0 errors, 2 left on base; Erie 4 - Harrisburg 7
BOTTOM OF THE 8TH
Harrisburg Senators batting - Pitching for Erie SeaWolves : LHP Danny Singleton
Batting: RHB Paul Bailey 0-0: Foul Ball, location: 9LMF
0-1: Ball
1-1: Ball
2-1: Foul Ball, location: 3F
2-2: Ball
3-2: Strikes out swinging
Batting: RHB Bill Roth 0-0: Called Strike
0-1: Fly out, F7 (Flyball, 7, EV 83.1 MPH)
Batting: RHB Montes Calosso 0-0: Ball
1-0: DOUBLE (Line Drive, 8LD, EV 110.0 MPH)
Batting: RHB Joe Fishler 0-0: Called Strike
0-1: Ball
1-1: DOUBLE (Line Drive, 9LS, EV 91.9 MPH)
Montes Calosso scores
Batting: LHB David Marquer 0-0: Ball
1-0: Ground out 6-3 (Groundball, 6, EV 83.8 MPH)
Bottom of the 8th over - 1 run, 2 hits, 0 errors, 1 left on base; Erie 4 - Harrisburg 8
TOP OF THE 9TH
Erie SeaWolves batting - Pitching for Harrisburg Senators : LHP Jesus Chavez
Batting: RHB David Titsworth 0-0: Foul Ball, location: 23FF
0-1: Ball
1-1: Ground out 5-3 (Groundball, 56S, EV 70.6 MPH)
Batting: RHB Mike Nesseth 0-0: Ball
1-0: Ball
2-0: Ball
3-0: Called Strike
3-1: Swinging Strike
3-2: Foul Ball, location: 9LMF
3-2: Strikes out looking
Batting: LHB Matt Henley 0-0: Called Strike
0-1: Ball
1-1: Swinging Strike
1-2: Ground out 6-3 (Groundball, 6S, EV 82.5 MPH)
Top of the 9th over - 0 runs, 0 hits, 0 errors, 0 left on base; Erie 4 - Harrisburg 8
Thursday, May 9th , 2024 - OOTP Baseball 24.11 Build 85